 Dungeon Crawl Stone Soup version 0.19-a0-1861-g35def1e (webtiles) character file.

182 Alarkh the Caller (level 5, -1/35 HPs)
             Began as a Mummy Summoner on Oct 12, 2016.
             Slain by an adder (2 damage)
             ... on level 4 of the Dungeon.
             The game lasted 00:06:32 (3779 turns).

Alarkh the Caller (Mummy Summoner)                  Turns: 3779, Time: 00:06:32

Health: -1/35      AC:  3    Str: 11    XL:     5   Next: 34%
Magic:  3/10       EV: 11    Int: 15    God:
Gold:   259        SH:  0    Dex: 13    Spells: 3 memorised, 2 levels left

rFire  x . .     SeeInvis .     a - +0 spear
rCold  + . .     Gourm    .     k - +1 robe
rNeg   + + +     Faith    .     (no shield)
rPois  ∞         Spirit   .     (no helmet)
rElec  .         Dismiss  .     (no cloak)
rCorr  .         Reflect  .     (no gloves)
MR     .....     Harm     .     (no boots)
Stlth  ++........               g - amulet of magic regeneration
                                (no ring)
                                i - ring of flight

@: very slightly contaminated, drained
A: no food or potions, fire vulnerability, cold resistance 1, negative energy
resistance 3, torment resistance, unbreathing
a: Evoke Flight


You were on level 4 of the Dungeon.
You were not hungry.

You visited 1 branch of the dungeon, and saw 4 of its levels.

You collected 259 gold pieces.

Inventory:

Hand Weapons
 a - a +0 spear (weapon)
 j - a +0 dagger
Armour
 k - a +1 robe (worn)
 l - a +0 buckler
Jewellery
 g - an amulet of magic regeneration (around neck)
 i - a ring of flight (left hand)
 m - an uncursed amulet of harm
Wands
 o - a wand of paralysis (10/24)
Scrolls
 c - 2 scrolls of teleportation
 d - a scroll of noise
 e - a scroll of identify
 f - 2 scrolls of enchant armour
 h - 3 scrolls of remove curse {unknown}
 n - a scroll of random uselessness {unknown}
 p - a scroll of blinking {unknown}
 r - a scroll of enchant weapon {unknown}
 s - a scroll of fog {unknown}
Books
 b - a book of Callings

   Spells                             Type                      Level
   a - Summon Small Mammal            Summoning                    1
   b - Call Imp                       Summoning                    2
   c - Call Canine Familiar           Summoning                    3
   d - Summon Guardian Golem          Hexes/Summoning              3
   e - Summon Lightning Spire         Summoning/Air                4
   f - Summon Ice Beast               Ice/Summoning                4
 q - a book of Maledictions

   Spells                             Type                      Level
   a - Corona                         Hexes                        1
   b - Ensorcelled Hibernation        Hexes/Ice                    2
   c - Confuse                        Hexes                        3
   d - Tukima's Dance                 Hexes                        3
   e - Dazzling Spray                 Conjuration/Hexes            3


   Skills:
 * Level 1.8(1.1) Polearms
 - Level 1.5(0.9) Dodging
 - Level 1.5(0.9) Stealth
 + Level 1.1(0.4) Shields
 + Level 3.4(2.7) Spellcasting
 + Level 4.0(3.3) Summonings


You had 2 spell levels left.
You knew the following spells:

 Your Spells              Type           Power        Failure   Level  Hunger
a - Summon Small Mammal   Summ           ##..         6%          1    N/A
b - Summon Ice Beast      Ice/Summ       #.......     93%         4    N/A
e - Call Canine Familiar  Summ           ##......     17%         3    N/A

Dungeon Overview and Level Annotations

Branches:
Dungeon (4/15)
 Temple: D:4-7

Altars:
Elyvilon
Makhleb
The Shining One


Innate Abilities, Weirdness & Mutations

You do not eat or drink.
Your flesh is vulnerable to fire.
You are immune to poison.
Your flesh is cold resistant. (rC+)
You are immune to negative energy. (rN+++)
You are immune to unholy pain and torment.
You can survive without breathing.


Message History

Your rat bites the centaur skeleton.
The centaur skeleton hits your rat.
Your rat dies!
Your rat's corpse disappears in a puff of smoke!
As you read the scroll of teleportation, it crumbles to dust.
You feel strangely unstable.
Your bat hits the centaur skeleton. Your bat hits the centaur skeleton.
Your surroundings suddenly seem different.
An iguana comes into view.
The iguana hisses angrily.
The iguana bites you.
* * * LOW HITPOINT WARNING * * *
The adder closely misses you.
Found 10 gold pieces.
Found an escape hatch in the floor.
An adder comes into view.
An adder comes into view.
The adder hisses angrily.
A quokka comes into view.
You see here a hand axe.
The adder bites you.
You die...

##...........#
##........#####
#.........#...#
#............# ..#
#......#+#...###...
##.....+
+....#..$#>#
##....#+#..$..S..#..
#.......b##......##
#...#..@.##.......#
#.. #...S#.../.....
##...l..!......
#..##.........
#..###....>(.. ....#
#...#.... ###..#
#.....##. ....
...#.## ...r .......


You could see an iguana, an adder and a friendly bat.

Vanquished Creatures
  An adder (D:3)
  A dart slug (D:3)
  3 orcs
  3 bats
  2 giant cockroaches
  3 goblins
  5 hobgoblins
  2 jackals (D:4)
  3 kobolds
  A ball python (D:3)
  2 frilled lizards
  A jackal skeleton (D:4)
  2 rats (D:3)
29 creatures vanquished.

Vanquished Creatures (collateral kills)
  A bullfrog zombie (D:4)
  2 hounds (D:4)
  A worker ant (D:4)
  5 adders
  A shadow imp (D:3)
  A worm (D:4)
  4 leopard geckos
  5 orcs
  6 bats
  5 goblins
  3 hobgoblins
  2 jackals (D:4)
  7 kobolds
  A quokka (D:3)
  2 frilled lizards (D:1)
  2 rats
48 creatures vanquished.

Grand Total: 77 creatures vanquished

Notes
Turn   | Place    | Note
-------+----------+-------------------------------------------
     0 | D:1      | Alarkh the Mummy Summoner began the quest for the Orb.
     0 | D:1      | Reached XP level 1. HP: 13/13 MP: 3/3
   478 | D:1      | Reached XP level 2. HP: 11/19 MP: 3/5
  1490 | D:2      | Reached XP level 3. HP: 22/24 MP: 6/6
  1495 | D:2      | Learned a level 3 spell: Call Canine Familiar
  2068 | D:3      | Found a white marble altar of Elyvilon.
  2435 | D:3      | Found a burning altar of Makhleb.
  2587 | D:3      | Reached XP level 4. HP: 27/30 MP: 8/8
  2612 | D:3      | Found a glowing golden altar of the Shining One.
  2752 | D:3      | Learned a level 4 spell: Summon Ice Beast
  2923 | D:3      | Reached skill level 1 in Polearms
  3615 | D:4      | Reached skill level 4 in Summonings
  3618 | D:4      | Reached skill level 1 in Shields
  3623 | D:4      | Reached XP level 5. HP: 30/35 MP: 4/9
  3775 | D:4      | HP: 1/35 [iguana (3)]
  3779 | D:4      | Slain by an adder

Vault maps used:
D:1:      scummos_arrival_star, minmay_misc_feat_doors, minmay_misc_feat_pillars
D:3:      tso_oasis_becter, lemuel_doored_altar, elyvilon_altar_3,
          minmay_misc_feat_columns
D:4:      kennysheep_mini_moat, uniq_blork_the_orc

Skill      XL: |  1  2  3  4 |
---------------+-------------+-----
Spellcasting   | 3 |  3.4
Polearms       | 1 |  1.8
Summonings     | 4 |  4.0
Shields        | 1 |  1.1
Dodging        | |  1.5
Stealth        | |  1.5

Action                   |  1- 3 |  4- 6 || total
-------------------------+-------+-------++-------
Melee: Unarmed           |    25 |       ||    25
       Dagger            |    55 |       ||    55
       Spear             |    54 |    78 ||   132
 Cast: Summon Small Mamm |    71 |    22 ||    93
       Call Canine Famil |     4 |    10 ||    14
  Use: Scroll            |     4 |     1 ||     5
 Stab: Sleeping          |     1 |     1 ||     2
       Distracted        |       |     1 ||     1
Armor: Robe              |    33 |    17 ||    50
Dodge: Dodged            |   111 |    53 ||   164
Block: Buckler           |     1 |       ||     1
